Map: Frozen Temple

Players

Miszu

  • Race: Protoss Protoss
  • League: Master

Jig - Winner!

  • Race: Zerg Zerg
  • League: Master

VOD

Have the link to the VOD?

Description

Time

  • Played on: June 25, 2016, 1:09 p.m.
  • Length: 11:18
Show
View Real Time Build Order
Export as new Build Order

Miszu Protoss 

Build Orders: 1 Gate Expand 

Get SALT Encoding   

  12  0:01  Probe (Chrono Boost)  
  13  0:12  Probe (Chrono Boost)  
  14  0:18  Pylon  
  14  0:23  Probe (Chrono Boost)  
  15  0:36  Probe (Chrono Boost)  
  15  0:40  Gateway  
  16  0:49  Probe (Chrono Boost)  
  17  0:50  Assimilator  
  17  1:14  Nexus  
  17  1:20  Probe (Chrono Boost)  
  18  1:31  Cybernetics Core  
  18  1:36  Probe (Chrono Boost)  
  19  1:46  Probe (Chrono Boost)  
  20  1:57  Probe (Chrono Boost)  
  20  2:00  Assimilator  
  21  2:07  Probe  
  21  2:08  Warp Gate (Chrono Boost)  
  22  2:19  Probe  
  23  2:25  Adept (Chrono Boost), Probe  
  23  2:29  Pylon  
  26  2:31  Probe  
  27  2:37  Mothership Core  
  27  2:43  Probe  
  30  2:46  Adept  
  32  2:55  Probe  
  33  2:58  Probe  
  33  3:03  Gateway  
  33  3:05  Gateway  
  34  3:10  Adept  
  34  3:11  Pylon  
  34  3:15  Probe  
  34  3:17  Probe  
  38  3:27  Probe  
  38  3:29  Probe  
  40  3:40  Probe  
  41  3:42  Probe  
  42  3:49  Pylon  
  42  3:52  Probe  
  42  3:54  Probe  
  44  4:01  Nexus  
  44  4:04  Stalker, Probe  
  44  4:06  Probe  
  48  4:16  Probe  
  49  4:18  Adept, Probe  
  49  4:19  Adept  
  54  4:24  Adept  
  54  4:28  Probe  
  54  4:30  Probe  
  58  4:37  Pylon  
  58  4:39  Assimilator  
  58  4:40  Assimilator, Probe  
  58  4:42  Adept, Probe  
  62  4:55  Robotics Facility, Probe x2  
  62  4:57  Forge  
  62  4:59  Pylon  
  64  5:07  Probe x2  
  64  5:17  Adept x3, Probe  
  64  5:19  Probe x2  
  63  5:27  Probe  
  61  5:29  Protoss Ground Weapons Level 1  
  61  5:31  Probe x2  
  64  5:38  Probe  
  64  5:42  Adept, Sentry  
  67  5:43  Sentry  
  65  5:50  Probe  
  65  5:51  Probe x2  
  68  6:00  Probe  
  68  6:02  Adept  
  68  6:03  Probe  
  70  6:11  Probe x2  
  65  6:21  Probe x2  
  65  6:23  Probe  
  66  6:27  Immortal  
  66  6:32  Probe  
  70  6:33  Probe  
  70  6:35  Twilight Council  
  70  6:36  Probe  
  70  6:38  Gateway  
  70  6:39  Gateway, Assimilator  
  73  6:40  Assimilator  
  73  6:42  Gateway, Probe  
  73  6:44  Sentry x2  
  73  6:45  Adept, Gateway  
  73  6:46  Gateway  
  80  6:49  Probe  
  80  6:50  Probe  
  82  6:57  Robotics Facility  
  82  7:05  Gateway  
  82  7:06  Immortal  
  82  7:07  Pylon  
  86  7:09  Probe  
  86  7:12  Adept  
  89  7:18  Adept x2  
  93  7:27  Protoss Ground Weapons Level 2  
  93  7:32  Charge  
  93  7:34  Templar Archives  
  93  7:37  Pylon  
  93  7:38  Stalker x3  
  99  7:49  Pylon  
  99  7:50  Warp Prism  
  101  7:51  Pylon  
  101  7:56  Observer  
  102  8:03  Gateway  
  102  8:05  Pylon  
  102  8:06  Gateway  
  102  8:07  Pylon  
  102  8:08  Gateway  
  102  8:09  Psionic Storm  
  102  8:10  Pylon  
  102  8:12  Pylon  
  102  8:16  High Templar x3  
  102  8:17  High Templar  
  110  8:21  High Templar  
  110  8:23  High Templar  
  114  8:35  Observer x2  
  114  8:36  Nexus  
  114  8:41  Pylon  
  116  8:42  Pylon  
  116  8:44  Stalker x2  
  116  8:45  Stalker  
  122  8:50  Adept x3  
  128  9:15  High Templar  
  128  9:16  High Templar x2  
  116  9:18  Zealot  
  116  9:19  Zealot x2  
  116  9:20  Archon  
  116  9:22  Zealot x2  
  116  9:24  Warp Prism  
  126  9:25  Warp Prism  
  126  9:31  Pylon  
  130  9:32  Pylon, Photon Cannon x2  
  130  9:35  High Templar  
  130  9:36  High Templar  
  134  9:40  Archon  
  134  9:59  Adept  
  136  10:00  Stalker x2, Zealot  
  136  10:03  Zealot x6  
  147  10:15  Probe  
  147  10:16  Probe x2  
  150  10:29  Probe x2  
  130  10:53  Stalker x3  
  130  10:54  Stalker x4  
  136  10:57  Stalker x4  
  128  11:07  Zealot  
Show
View Real Time Build Order
Export as new Build Order

Jig Zerg - Winner!

Build Orders: Hatch First 

Get SALT Encoding   

  12  0:01  Drone  
  13  0:13  Overlord  
  13  0:18  Drone  
  14  0:31  Drone x2  
  16  0:36  Drone  
  17  0:51  Hatchery  
  17  0:55  Drone  
  17  0:58  Drone  
  18  1:09  Extractor  
  17  1:12  Spawning Pool  
  16  1:18  Drone  
  16  1:19  Drone  
  18  1:29  Drone  
  19  1:39  Drone  
  20  1:55  Hatchery  
  20  1:59  Zergling x2, Queen  
  22  2:05  Drone x2  
  24  2:11  Metabolic Boost  
  24  2:18  Overlord  
  24  2:22  Drone  
  25  2:25  Drone  
  25  2:28  Drone  
  27  2:33  Drone  
  28  2:39  Queen  
  28  2:42  Drone  
  31  2:44  Drone  
  31  2:49  Overlord  
  32  2:54  Pneumatized Carapace  
  32  2:58  Zergling x2  
  33  2:59  Zergling x2  
  33  3:08  Zergling x2  
  33  3:09  Drone  
  33  3:10  Drone x3  
  39  3:12  Drone  
  39  3:20  Queen  
  39  3:23  Drone x2  
  39  3:25  Drone  
  44  3:29  Overlord  
  44  3:32  Drone  
  45  3:35  Drone  
  45  3:41  Drone x2  
  45  3:47  Zergling x4  
  49  3:53  Zergling x4  
  49  3:55  Overlord, Queen  
  53  3:58  Drone x2  
  53  4:02  Drone  
  56  4:04  Drone  
  56  4:05  Overlord  
  57  4:12  Overlord  
  57  4:14  Queen  
  57  4:15  Queen  
  61  4:18  Overlord  
  61  4:26  Baneling Nest, Drone  
  61  4:28  Zergling x6, Evolution Chamber  
  63  4:31  Overlord  
  63  4:40  Overlord  
  63  4:44  Drone x3  
  66  4:46  Extractor  
  66  4:47  Drone  
  66  4:48  Drone x3  
  69  4:55  Drone  
  69  4:59  Zergling x2  
  71  5:02  Zergling x4  
  73  5:12  Zergling x4  
  73  5:13  Zergling x6  
  75  5:17  Drone  
  73  5:23  Drone  
  73  5:24  Drone x5  
  73  5:27  Extractor  
  78  5:29  Extractor  
  78  5:30  Drone x3  
  78  5:34  Drone x2  
  82  5:41  Drone  
  78  5:47  Drone x2  
  77  5:51  Lair  
  77  5:56  Drone x5  
  77  5:57  Drone  
  83  6:01  Hatchery  
  81  6:08  Extractor, Drone  
  81  6:09  Extractor, Drone x4  
  83  6:22  Zergling x12  
  86  6:30  Zerg Melee Weapons Level 1, Drone  
  86  6:31  Hatchery  
  86  6:32  Queen x2  
  88  6:36  Zergling x6  
  88  6:37  Zergling x10  
  98  6:40  Overlord  
  98  6:50  Baneling x10  
  98  6:52  Infestation Pit, Drone  
  98  6:53  Overlord x2  
  98  6:55  Centrifical Hooks  
  98  6:57  Drone, Evolution Chamber  
  98  6:58  Overlord  
  98  7:01  Overseer  
  98  7:05  Drone x8  
  106  7:13  Drone x2  
  106  7:14  Drone x3  
  111  7:16  Extractor  
  111  7:17  Extractor  
  111  7:19  Overlord  
  111  7:20  Drone  
  111  7:21  Drone x2  
  112  7:23  Drone  
  112  7:25  Zerg Ground Armor Level 1  
  112  7:27  Drone x2  
  112  7:29  Hive  
  115  7:31  Spire  
  115  7:34  Drone  
  115  7:35  Drone x3  
  118  7:41  Spore Crawler  
  118  7:43  Zergling x6  
  118  7:44  Zergling x10, Spine Crawler x2  
  125  7:49  Zergling x2  
  125  7:50  Zergling x6  
  127  7:52  Zergling x2  
  127  7:54  Overseer  
  127  7:57  Zergling x4  
  127  7:58  Zergling x4  
  132  8:02  Zergling x2  
  133  8:08  Zergling x14  
  133  8:11  Baneling  
  133  8:12  Zergling x2, Baneling x11  
  141  8:13  Zergling x4  
  142  8:21  Zergling x14  
  149  8:32  Spine Crawler  
  149  8:33  Overlord x6, Zerg Melee Weapons Level 2, Spine Crawler  
  147  8:36  Baneling x7, Overseer  
  147  8:38  Overlord  
  147  8:44  Greater Spire  
  147  8:46  Adrenal Glands  
  147  8:56  Zergling x6  
  147  8:57  Zergling x6  
  147  8:58  Baneling  
  147  8:59  Baneling x2  
  147  9:02  Zergling x8  
  157  9:06  Overlord  
  157  9:11  Hatchery  
  156  9:19  Corruptor  
  156  9:20  Corruptor x4  
  156  9:21  Corruptor  
  156  9:23  Corruptor  
  168  9:26  Corruptor  
  172  9:51  Corruptor  
  172  9:52  Corruptor x3  
  178  9:55  Overlord  
  180  10:01  Brood Lord  
  180  10:02  Brood Lord x5  
  187  10:18  Brood Lord x2  
  189  10:27  Baneling  
  189  10:28  Zergling x2, Baneling x9  
  189  10:29  Zergling x20  
  189  10:32  Overlord  
  189  10:35  Overlord  
  189  10:39  Zergling x18  
  189  10:40  Zergling x2  
  162  10:51  Zergling x2  
  162  10:52  Zergling x28  
  162  10:56  Zergling x4  
Tags
 
Add a new tag
Caveats
  • Supply blocks, unpowered buildings, or Contaminate may cause inaccurate times.
  • Supply counts are checked every 10 seconds.